 Dungeon Sprint DCSS version 0.16-a0-3761-g2321f2b (console) character file.

326 Monkaria the Grappler (level 6, -14/88 HPs)
             Began as a Troll Fighter on Jan 24, 2015.
             Was an Initiate of Makhleb.
             Demolished by Sonja
             ... wielding a +0 dagger of distortion
              (18 damage)
             ... in the Dungeon (Sprint I: "Red Sonja").
             The game lasted 00:01:09 (203 turns).

Monkaria the Grappler (Troll Fighter)                Turns: 203, Time: 00:01:10

Health: -14/88     AC:  5    Str: 32    XL:     6   Next: 24%
Magic:  3/3        EV:  7    Int:  4    God:    Makhleb [......]
Gold:   297        SH:  9    Dex:  9    Spells: 0 memorised, 5 levels left

rFire  . . .     SeeInvis .       - Unarmed
rCold  . . .     Clarity  .     b - +0 robe
rNeg   . . .     SustAb   .     c - +0 shield
rPois  .         Gourm    +     (helmet restricted)
rElec  .         Spirit   .     (no cloak)
rCorr  .         Warding  .     (gloves unavailable)
rMut   .         NoTele   +     (boots unavailable)
MR     .....                    (no amulet)
Stlth  ..........               (no ring)
                                (no ring)

@: berserking, very quick, not resistant to hostile enchantments, extremely
unstealthy
A: unfitting armour, claws 3, fast metabolism 3, gourmand, regeneration 2,
shaggy fur 1, tough skin 2
a: Renounce Religion


You were in the Dungeon.
You worshipped Makhleb.
Makhleb was noncommittal.
You were very full.

You visited 1 branch You collected 297 gold pieces.

Inventory:

Armour
 b - a +0 robe (worn)
 c - a +0 shield (worn)
Scrolls
 j - a scroll of blinking
Potions
 d - a potion of curing
 e - a potion of might
 g - a potion of haste
 h - 2 potions of magic
Comestibles
 a - 2 meat rations


   Skills:
 - Level 2.4 Fighting
 - Level 2.4 Armour
 - Level 2.4 Shields
 + Level 13.0 Unarmed Combat


You had 5 spell levels left.
You didn't know any spells.

Dungeon Overview and Level Annotations

Branches:
Dungeon (1/1)

Altars:
Elyvilon
Gozag
Kikubaaqudgha
Makhleb
Nemelex Xobeh
Okawaru
Qazlal
Ru
Sif Muna
Trog
Vehumet
Xom
Yredelemnul
Zin
The Shining One

Shops:
D =

Annotations:
D Sonja


Innate Abilities, Weirdness & Mutations

You are too large for most types of armour.
You have claws for hands.
Your metabolism is lightning-fast.
You like to eat raw meat.
You heal very quickly.
You are covered in fur (AC +1).
You have very tough skin (AC +2).


Message History

Sonja hits you with an uncursed dagger of distortion.
Space bends around you. Sonja hits you but does no damage.
You feel a strange sense of stasis.
You miss Sonja.
Sonja hits you with an uncursed dagger of distortion.
You block Sonja's attack. Sonja hits you but does no damage.
You miss Sonja.
Sonja hits you with an uncursed dagger of distortion.
Space warps horribly around you!
* * * LOW HITPOINT WARNING * * *
Sonja barely misses you. Sonja hits you but does no damage.
Space warps horribly around you!
* * * LOW HITPOINT WARNING * * *
Drink which item? (? for menu, Esc to quit)
A red film seems to cover your vision as you go berserk!
You feel yourself moving faster!
You feel mighty!
Sonja hits you with an uncursed dagger of distortion.
* * * LOW HITPOINT WARNING * * *
Space warps horribly around you!
You die...

#..#####'#####'#
#..####..#...#.#
#..#__####..##[#
#..#_..__##'#..+
#⌠⌠#_.∩...'..._#
####_..._##_.#+#
#_____###'#
#########.##


+K@$+ #$.$# ##.## #+# You could see Sonja.

Vanquished Creatures
  A yak (D)
  Sigmund (D)
  An ogre (D)
  A jelly (D)
  Ijyb (D)
5 creatures vanquished.

Vanquished Creatures (others)
  A gargoyle (D)
1 creature vanquished.

Grand Total: 6 creatures vanquished

Notes
Turn   | Place    | Note
--------------------------------------------------------------
     0 | D        | Monkaria, the Troll Fighter, began the quest for the Orb.
     0 | D        | Reached XP level 1. HP: 22/22 MP: 1/1
     2 | D        | Noticed Ijyb
    14 | D        | Killed Ijyb
    14 | D        | Reached skill level 5 in Unarmed Combat
    14 | D        | Reached XP level 2. HP: 23/29 MP: 1/1
    23 | D        | Killed a gargoyle
    27 | D        | Noticed an ogre
    30 | D        | Killed an ogre
    30 | D        | Reached skill level 8 in Unarmed Combat
    30 | D        | Reached XP level 3. HP: 12/36 MP: 2/2
    30 | D        | Reached XP level 4. HP: 14/44 MP: 2/2
    95 | D        | Noticed Sigmund
   112 | D        | Killed Sigmund
   112 | D        | Reached skill level 10 in Unarmed Combat
   112 | D        | Reached XP level 5. HP: 45/50 MP: 2/2
   131 | D        | Found a deep blue altar of Sif Muna.
   132 | D        | Noticed a jelly
   133 | D        | Found a radiant altar of Vehumet.
   137 | D        | Killed a jelly
   137 | D        | Reached skill level 11 in Unarmed Combat
   158 | D        | Found Sotho's Jewellery Emporium.
   158 | D        | Found a white marble altar of Elyvilon.
   158 | D        | Found a stormy altar of Qazlal.
   158 | D        | Found a basalt altar of Yredelemnul.
   158 | D        | Found an iron altar of Okawaru.
   158 | D        | Found a sparkling altar of Nemelex Xobeh.
   158 | D        | Found a shimmering altar of Xom.
   158 | D        | Found an ancient bone altar of Kikubaaqudgha.
   158 | D        | Noticed a yak
   162 | D        | Killed a yak
   162 | D        | Reached skill level 13 in Unarmed Combat
   162 | D        | Reached XP level 6. HP: 56/59 MP: 3/3
   163 | D        | Found a burning altar of Makhleb.
   163 | D        | Found a sacrificial altar of Ru.
   163 | D        | Found a glowing golden altar of the Shining One.
   163 | D        | Found an opulent altar of Gozag.
   163 | D        | Found a glowing silver altar of Zin.
   171 | D        | Found a bloodstained altar of Trog.
   188 | D        | Became a worshipper of Makhleb the Destroyer
   193 | D        | Noticed Sonja
   203 | D        | HP: 4/88 [Sonja/uncursed dagger of distortion (1)]
   203 | D        | Demolished by Sonja

Action                   |  1- 3 |  4- 6 || total
-------------------------+-------+-------++-------
Melee: Unarmed           |    15 |    23 ||    38
  Use: Potion            |       |     2 ||     2
  Eat: Chunk             |       |     5 ||     5
